 Dungeon Crawl Stone Soup version 0.28-a0-401-ge240ad9e29 (webtiles) character file.

Game seed: 13483533345958560119

3215 Spaninq the Arsonist (level 9, -5/62 HPs)
             Began as a Purple Draconian Fire Elementalist on Sept 4, 2021.
             Was a Believer of Vehumet.
             Slain by an orc knight (29 damage)
             ... in a bailey.
             The game lasted 00:29:15 (10554 turns).

Spaninq the Arsonist (DrFE)                        Turns: 10554, Time: 00:29:15

Health: -5/62      AC:  9    Str: 12    XL:     9   Next: 65%
Magic:  27/37      EV: 12    Int: 18    God:    Vehumet [**....]
Gold:   500        SH:  0    Dex: 11    Spells: 14/22 levels left

rFire   . . .      SeeInvis .   i - staff of conjuration
rCold   . . .      Faith    .   (no shield)
rNeg    . . .      Spirit   .   (armour unavailable)
rPois   .          Reflect  .   (helmet restricted)
rElec   .          Harm     .   l - +1 cloak
rCorr   .          Rampage  .   (no gloves)
Will    +....                   (no boots)
Stlth   ++........              (no amulet)
HPRegen 0.20/turn               F - ring of magical power
MPRegen 0.25/turn               p - ring of magical power

@: no status effects
A: breathe power, AC +7, unfitting armour, cold-blooded
a: Breathe Dispelling Energy, Renounce Religion


You were in a bailey.
You worshipped Vehumet.
Vehumet was pleased with you.
You visited 2 branches of the dungeon, and saw 9 of its levels.
You also visited: Sewer and Bailey.

You collected 500 gold pieces.

Inventory:

Hand Weapons
 f - a +3 long sword
 C - a +2 whip of venom
Missiles
 b - 220 stones
Armour
 g - a +0 kite shield
 l - a +1 cloak (worn)
Magical Staves
 i - a staff of conjuration (weapon)
Jewellery
 p - a ring of magical power (right hand)
 A - a ring of willpower
 B - an amulet of reflection
 F - a ring of magical power (left hand)
Wands
 w - a wand of flame (15)
 y - a wand of acid (2)
Scrolls
 c - a scroll of identify
 d - a scroll of teleportation
 n - a scroll of silence
 q - a scroll of fear
 r - 2 scrolls of summoning
 t - a scroll of enchant weapon
 u - a scroll of enchant armour
Potions
 a - a potion of mutation {unknown}
 e - 5 potions of heal wounds
 h - 3 potions of magic {unknown}
 j - 2 potions of flight {unknown}
 k - 3 potions of brilliance {unknown}
 m - a potion of resistance {unknown}
 s - 5 potions of invisibility {unknown}
 x - 2 potions of curing
 z - a potion of lignification {unknown}
 D - a potion of ambrosia {unknown}
 E - a potion of degeneration {unknown}
 G - 2 potions of berserk rage {unknown}


   Skills:
 - Level 1.7 Dodging
 - Level 1.7 Stealth
 + Level 7.0 Spellcasting
 * Level 8.7 Conjurations
 * Level 9.2 Fire Magic


You had 14 spell levels left.
You knew the following spells:

 Your Spells              Type           Power      Damage    Failure   Level
a - Foxfire               Conj/Fire      100%       2x1d9     1%          1
b - Scorch                Fire           78%        2d8       1%          2
c - Flame Wave            Conj/Fire      55%        3d10      2%          4
d - Magic Dart            Conj           100%       1d8       1%          1

Your spell library contained the following spells:

 Spells                   Type           Power      Damage    Failure   Level
 Shock                    Conj/Air       100%       1d9       1%          1
 Conjure Flame            Conj/Fire      55%        6-21      1%          3
 Sticky Flame             Conj/Fire      55%        2d7       2%          4
 Inner Flame              Hex/Fire       23%        N/A       4%          3
 Ignite Poison            Fire/Tmut/Pois 17%        N/A       9%          3


Dungeon Overview and Level Annotations

Branches:
Dungeon (8/15)             Temple (1/1) D:4            Lair (0/6) D:8
  Sewer (visited)          Bailey (1/1)

Altars:
Ashenzari
Cheibriados
Dithmenos
Elyvilon
Fedhas
Gozag
Hepliaklqana
Kikubaaqudgha
Makhleb
Qazlal
Ru
Sif Muna
Trog
Uskayaw
Vehumet
Wu Jian
Xom
Yredelemnul
Zin
The Shining One

Annotations:
D:3 1 runed translucent door, Crazy Yiuf
D:5 2 transporters, Spectrina's ghost, amateur DEDe


Innate Abilities, Weirdness & Mutations

You can breathe bolts of dispelling energy.
Your rich purple scales are hard. (AC +7)
You cannot fit into any form of body armour.
You are cold-blooded and may be slowed by cold attacks.


Message History

The foxfire hits the orc warrior.
The orc warrior is lightly wounded.
The foxfire hits the orc warrior!
The orc warrior is moderately wounded.
Casting: Foxfire (safe; 1% risk of failure)
Confirm with . or Enter, or press ? or * to list all spells.
Casting: Flame Wave (dangerous; 3% risk of failure)
Press: ? - help, Dir - look around, f - activate You feel a surge of power!
A wave of flame ripples out!
The flame wave engulfs your foxfire.
Your foxfire completely resists.
The flame wave engulfs your foxfire.
Your foxfire completely resists. (Press . to intensify the flame waves.)
The orc warrior no longer looks unusually strong.
The foxfire hits the orc warrior but does no damage.
The orc warrior is moderately wounded.
The foxfire hits the orc warrior but does no damage.
The orc warrior is moderately wounded.
The orc knight roars a battlecry!
The orcs go into a battle-frenzy!
A wave of flame ripples out!
A wave of flame ripples out!
The flame wave engulfs the orc warrior!
You kill the orc warrior!
Vehumet accepts your kill.
You feel your power returning.
The flame wave engulfs the orc warrior!!
You kill the orc warrior!
Vehumet accepts your kill.
You feel your power returning.
The flame wave engulfs the orc knight!
The orc knight is heavily wounded.
The flame wave engulfs the orc knight!
The orc knight is severely wounded.
You finish channelling waves of flame.
Your Spellcasting skill increases to level 7!
Okay, then.
You feel much better.
The orc knight hits you from afar with a +0 trident!!
The orc knight hits you from afar with a +0 glaive!!
You die...

#######
##..∩..##
#....)..#
#∩..)..∩#
#..)))).#
#...)...#
#.......#
#...@...#
#.).....#
#...oo..#
#.)))...#
#...o...#
##.....##
###o###
#oo.#
#...#


You could see 2 orc knights, an orc warrior (strong) and 3 orcs.

Vanquished Creatures
  Grinder (D:4)
  3 wargs (D:7)
  8 orc warriors
  An ice beast (D:7)
  A black bear (D:6)
  An ogre (D:4)
  A necrophage (D:6)
  A kobold brigand (D:7)
  3 bullfrogs
  3 scorpions
  7 killer bees (D:7)
  4 howler monkeys
  A jelly (D:5)
  2 orc priests
  A bullfrog skeleton (D:6)
  An iguana (D:6)
  4 orc wizards
  Ijyb (D:5)
  Natasha (thrice) (D:4)
  3 gnolls (D:4)
  5 river rats
  5 adders
  A shadow imp (D:5)
  2 white imps
  An ufetubus (D:6)
  An adder skeleton (D:5)
  4 worms
  2 dart slugs
  39 orcs
  3 endoplasms
  3 giant cockroaches (D:4)
  9 hobgoblins
  13 kobolds
  A quokka (D:3)
  14 ball pythons
  2 bats
  5 frilled lizards (Sewer)
  8 goblins
  15 rats
183 creatures vanquished.

Vanquished Creatures (others)
  203 foxfires
  13 plants
216 creatures vanquished.

Grand Total: 399 creatures vanquished

Notes
Turn   | Place    | Note
-------+----------+-------------------------------------------
     0 | D:1      | Spaninq the Draconian Fire Elementalist began the quest for
                  | the Orb.
     0 | D:1      | Reached XP level 1. HP: 14/14 MP: 3/3
   251 | D:1      | Reached XP level 2. HP: 20/20 MP: 1/5
   856 | D:1      | Learned a level 2 spell: Scorch
  1336 | D:2      | Found a faded altar of an unknown god.
  1584 | D:2      | Reached XP level 3. HP: 26/26 MP: 1/6
  2413 | D:3      | Reached skill level 4 in Fire Magic
  2413 | D:3      | Reached XP level 4. HP: 33/33 MP: 0/7
  3337 | D:3      | Found a runed translucent door.
  3338 | D:3      | Noticed Crazy Yiuf
  3742 | D:4      | Noticed an ogre
  3785 | D:4      | Noticed Grinder
  3797 | D:4      | Killed Grinder
  3798 | D:4      | Reached skill level 5 in Fire Magic
  3798 | D:4      | Reached XP level 5. HP: 35/38 MP: 6/9
  3798 | D:4      | Reached XP level 6. HP: 41/45 MP: 6/10
  3849 | D:4      | Found a glowing drain.
  3931 | Sewer    | Entered a sewer
  4623 | D:4      | Found a staircase to the Ecumenical Temple.
  4660 | Temple   | Entered the Ecumenical Temple
  4930 | Temple   | Became a worshipper of Vehumet
  4982 | D:4      | Noticed Natasha
  4986 | D:4      | Killed Natasha
  5020 | D:4      | Noticed Natasha
  5031 | D:4      | Killed Natasha
  5174 | D:4      | Found a burning altar of Makhleb.
  5211 | D:4      | Noticed Natasha
  5215 | D:4      | Killed Natasha
  5639 | D:4      | Your scales start taking on a rich purple colour.
  5639 | D:4      | Reached XP level 7. HP: 50/50 MP: 13/13
  5700 | D:5      | Entered Level 5 of the Dungeon
  5841 | D:5      | Found a transporter.
  5842 | D:5      | Found a transporter.
  5848 | D:5      | Noticed Spectrina's ghost (amateur DEDe)
  5882 | D:5      | Identified the +1 spear of the Jumping Visionary {pain,
                  | rC+}
  5967 | D:5      | Noticed Ijyb
  5971 | D:5      | Reached skill level 5 in Conjurations
  5972 | D:5      | Reached skill level 6 in Fire Magic
  5980 | D:5      | Killed Ijyb
  6201 | D:5      | Found a hazy altar of Hepliaklqana.
  6334 | D:5      | Found a shimmering altar of Xom.
  6338 | D:5      | Found a snail-covered altar of Cheibriados.
  6352 | D:5      | Found an ornate altar of the Wu Jian Council.
  6374 | D:5      | Found a basalt altar of Yredelemnul.
  7153 | D:6      | Reached skill level 5 in Spellcasting
  7379 | D:6      | Reached XP level 8. HP: 57/57 MP: 15/15
  7531 | D:6      | Learned a level 4 spell: Flame Wave
  7618 | D:6      | Reached skill level 7 in Fire Magic
  9034 | D:7      | Reached skill level 8 in Fire Magic
  9035 | D:7      | Reached XP level 9. HP: 62/62 MP: 18/18
  9600 | D:8      | Found a staircase to the Lair.
  9954 | D:7      | Reached * piety under Vehumet
  9954 | D:7      | Offered knowledge of Magic Dart by Vehumet.
  9979 | D:7      | Learned a level 1 spell: Magic Dart
 10015 | D:8      | Found a flagged portal.
 10100 | Bailey   | Entered a bailey
 10197 | Bailey   | Reached ** piety under Vehumet
 10197 | Bailey   | Offered knowledge of Shock by Vehumet.
 10199 | Bailey   | Reached skill level 9 in Fire Magic
 10506 | Bailey   | Acquired a staff of conjuration
 10511 | Bailey   | Noticed an orc knight
 10511 | Bailey   | Noticed an orc knight
 10554 | Bailey   | Slain by an orc knight

Illustrated notes

Levels and vault maps discovered:
D:1:      shiori_arrival_elements, layout_basic
D:2:      layout_basic, ebering_ecumenical_altar_webs
D:3:      layout_basic, uniq_crazy_yiuf_cottage
D:4:      layout_loops_ring, kennysheep_mini, minmay_temple_entry_waves,
          gup_sewer_entry_bubbles, serial_bayou_pond_a, uniq_grinder,
          uniq_natasha
D:5:      layout_loops_corners, nicolae_hepliaklqana_hazy_memory,
          nicolae_overflow_quartered_altars, gammafunk_ghost_gnarly_gnolls,
          hangedman_abyss_or_decor_stabs, uniq_ijyb
D:6:      layout_basic
D:7:      layout_layer_cave
D:8:      layout_cave_pools, mainiacjoe_overflow_concentric_impassable,
          nemelex_diamond_rough_becter, erik_lair_orcish_takeover,
          enter_bailey_4
Temple:   minmay_temple_curvy_branch
Bailey:   bailey_polearm_5, bailey

Skill      XL: |  1  2  3  4  5  6  7  8  9 |
---------------+----------------------------+-----
Conjurations   | 2 4 5 7 8 |  8.7
Fire Magic     | 4 5 6 8 9 |  9.2
Spellcasting   | 3 4 5 6 7 |  7.0
Dodging        | |  1.7
Stealth        | |  1.7

Action                   |  1- 3 |  4- 6 |  7- 9 || total
-------------------------+-------+-------+-------++-------
Melee: Unarmed           |     1 |       |       ||     1
       Dagger            |     5 |    16 |       ||    21
       Tailslap          |       |     4 |     3 ||     7
       Rapier            |       |     2 |       ||     2
       Whip              |       |       |    15 ||    15
 Cast: Foxfire           |    27 |    41 |    42 ||   110
       Scorch            |    27 |    63 |    74 ||   164
       Flame Wave        |       |       |    16 ||    16
  Use: Scroll            |       |       |    13 ||    13
       Potion            |       |       |     1 ||     1
 Stab: Distracted        |       |     1 |       ||     1
Armor: Skin              |     1 |     6 |    26 ||    33
Dodge: Dodged            |    11 |    24 |    56 ||    91

Table legend: (Time is in decaauts)
 A = Elapsed time spent in this place.
 B = Non-inter-level travel time spent in this place.
 C = Inter-level travel time spent in this place.
 D = Time resting spent in this place.
 E = Time spent auto-exploring this place.
 F = Levels seen in this place.
 G = Mean time per level.
                   A        B        C        D        E       F      G
               +--------+--------+--------+--------+--------+-----+--------+
         Total |  10641 |  10178 |    463 |   2086 |   6459 |  11 |  967.4 |
       Dungeon |   9236 |   8821 |    415 |   1658 |   5826 |   8 | 1154.5 |
        Temple |    295 |    247 |     48 |      0 |    245 |   1 |  295.0 |
         Sewer |    655 |    655 |      0 |    145 |    366 |   1 |  655.0 |
        Bailey |    453 |    453 |      0 |    283 |     22 |   1 |  453.0 |
               +--------+--------+--------+--------+--------+-----+--------+

Top non-repeatable levels by time:
     D:7: 1903 daAuts
     D:2: 1410 daAuts
     D:3: 1324 daAuts
     D:5: 1243 daAuts
     D:4: 1185 daAuts
     D:6: 1082 daAuts
     D:1: 907 daAuts
   Sewer: 655 daAuts
  Bailey: 453 daAuts
  Temple: 295 daAuts
     D:8: 179 daAuts
